 Dungeon Crawl Stone Soup version 0.21.0-3-g78d12a8 (webtiles) character file.

65 ponchio the Skirmisher (level 4, -1/30 HPs)
             Began as a Gargoyle Monk on Jan 15, 2018.
             Slain by a worm (5 damage)
             ... on level 3 of the Dungeon.
             The game lasted 00:07:52 (2170 turns).

ponchio the Skirmisher (Gargoyle Monk)              Turns: 2170, Time: 00:07:52

Health: -1/30      AC:  9    Str: 14    XL:     4   Next: 13%
Magic:  4/4        EV: 10    Int: 11    God:
Gold:   126        SH:  3    Dex: 13    Spells: 3/3 levels left

rFire    . . .     SeeInvis +   a - +0 mace
rCold    . . .     Gourm    .   n - +0 buckler
rNeg     + . .     Faith    .   f - +0 ring mail
rPois    ∞         Spirit   .   q - +0 helmet {SInv}
rElec    +         Reflect  .   l - scarf {repulsion}
rCorr    .         Harm     .   (no gloves)
MR       .....                  (no boots)
Stlth    +.........             (no amulet)
HPRegen  0.10/turn              (no ring)
MPRegen  0.09/turn              (no ring)

@: repel missiles
A: negative energy resistance 1, electricity resistance, unbreathing,
petrification resistance, rot immunity, AC +3
a: no special abilities


You were on level 3 of the Dungeon.
You were not hungry.

You visited 1 branch of the dungeon, and saw 3 of its levels.

You collected 126 gold pieces.

Inventory:

Hand Weapons
 a - a +0 mace (weapon)
Armour
 b - a +0 robe
 f - a +0 ring mail (worn)
 l - a scarf of repulsion (worn)
 n - a +0 buckler (worn)
 q - a +0 helmet of see invisible (worn)
Scrolls
 d - a scroll of amnesia {unknown}
 g - 4 scrolls of remove curse {unknown}
 j - a scroll of teleportation {unknown}
 m - 2 scrolls of identify {unknown}
Potions
 h - a potion of heal wounds {unknown}
 i - a potion of haste {unknown}
 k - a potion of curing {unknown}
 o - a potion of agility {unknown}
Comestibles
 c - 3 rations
 p - 3 chunks of flesh


   Skills:
 + Level 4.4 Fighting
 + Level 4.0 Maces & Flails
 - Level 2.4 Dodging
 - Level 2.1 Stealth


You had 3 spell levels left.
You didn't know any spells.

Dungeon Overview and Level Annotations

Branches:
Dungeon (3/15)

Altars:

Annotations:
D:3 Ijyb


Innate Abilities, Weirdness & Mutations

You are resistant to torment.
Your stone body is resilient. (AC +3)
You are immune to poison.
You resist negative energy. (rN+)
You are resistant to electric shocks. (rElec)
You can survive without breathing.
You are immune to petrification.
You are immune to rotting.


Message History

Ijyb barely misses you. The adder bites you but does no damage.
It was a potion of cancellation.
Your magical effects are unravelling.
You feel magically purged.
You feel less confused. You block Ijyb's attack.
The adder bites you but does no damage. The worm bites you but does no damage.
You barely miss Ijyb.
Ijyb is almost dead.
The adder bites you but does no damage. Ijyb hits you but does no damage.
The worm closely misses you. The adder bites you.
* * * LOW HITPOINT WARNING * * *
You closely miss Ijyb.
Ijyb is almost dead.
Ijyb zaps a wand.
You resist with some effort. The adder barely misses you.
Ijyb hits you but does no damage.
You closely miss Ijyb.
Ijyb is almost dead.
You block the adder's attack. The worm bites you.
You die...

##### #.@.#
###wSg#
#....#.....#
............##..#
.........#### #
........##
.........
.........
........?


You could see Ijyb, a worm and an adder.

Vanquished Creatures
  Robin (D:2)
  2 worms (D:2)
  A dart slug (D:1)
  A leopard gecko (D:1)
  9 goblins (D:2)
  11 hobgoblins (D:2)
  7 kobolds
  3 bats
  3 frilled lizards
38 creatures vanquished.

Notes
Turn   | Place    | Note
-------+----------+-------------------------------------------
     0 | D:1      | ponchio the Gargoyle Monk began the quest for the Orb.
     0 | D:1      | Reached XP level 1. HP: 14/14 MP: 1/1
   370 | D:1      | Reached XP level 2. HP: 19/19 MP: 2/2
   791 | D:2      | Reached XP level 3. HP: 9/24 MP: 3/3
   846 | D:2      | Noticed Robin
  2088 | D:2      | Killed Robin
  2088 | D:2      | Reached XP level 4. HP: 26/30 MP: 4/4
  2124 | D:3      | Noticed Ijyb
  2170 | D:3      | Slain by a worm

Skill      XL: |  1  2  3 |
---------------+----------+-----
Fighting       | 4 |  4.4
Maces & Flails | 4 |  4.0
Dodging        | |  2.4
Stealth        | |  2.1

Action                   |  1- 3 |  4- 6 || total
-------------------------+-------+-------++-------
Melee: Mace              |   146 |    33 ||   179
  Use: Potion            |       |     1 ||     1
  Eat: Chunk             |     3 |     1 ||     4
Armor: Ring mail         |    76 |    29 ||   105
Dodge: Dodged            |    89 |    35 ||   124
       Deflected         |     4 |       ||     4
Block: Buckler           |    30 |     6 ||    36
